Map: Prion Terraces

Players

Polt - Winner!

  • Race: Terran Terran

Elazer

  • Race: Zerg Zerg

Event: DreamHack Open Tours WCS Spring Championship

VOD

Have the link to the VOD?

Description

Time

  • Played on: May 15, 2016, 12:01 p.m.
  • Length: 8:29

All games in this series

Show
View Real Time Build Order
Export as new Build Order

Polt Terran - Winner!

Build Orders: Command Center First (CC) 

Get SALT Encoding   

  12  0:00  SCV  
  13  0:12  SCV  
  14  0:17  Supply Depot  
  14  0:25  SCV  
  15  0:39  SCV  
  16  0:51  SCV  
  17  0:58  Command Center  
  17  1:03  SCV  
  18  1:12  Barracks  
  18  1:15  SCV  
  19  1:27  SCV  
  19  1:28  Refinery  
  20  1:33  Refinery  
  20  1:39  SCV  
  21  1:51  SCV  
  22  2:05  Marine, Orbital Command, Bunker  
  23  2:10  Orbital Command  
  23  2:19  Factory  
  23  2:23  Marine  
  24  2:32  SCV  
  22  2:40  SCV  
  22  2:42  Marine  
  22  2:44  SCV  
  25  2:53  SCV  
  25  2:56  SCV  
  27  3:02  Supply Depot  
  27  3:05  Supply Depot, SCV  
  28  3:08  SCV  
  28  3:10  Starport  
  29  3:17  Starport  
  29  3:18  SCV  
  30  3:20  SCV  
  30  3:24  Hellion  
  33  3:30  SCV  
  33  3:31  Marine  
  33  3:32  SCV  
  36  3:43  SCV  
  36  3:44  SCV  
  38  3:49  Marine  
  39  3:55  Starport Tech Lab  
  39  3:56  Starport Tech Lab  
  39  3:58  SCV x2  
  39  4:00  Supply Depot x2  
  40  4:13  Supply Depot  
  40  4:16  Banshee x2  
  46  4:21  Cloaking Field  
  46  4:27  SCV  
  46  4:28  SCV  
  45  4:40  SCV x2  
  45  4:41  Supply Depot  
  47  4:52  SCV x2  
  49  4:53  Barracks Tech Lab  
  49  4:57  Refinery  
  49  4:58  Refinery  
  49  4:59  Banshee x2  
  55  5:04  SCV x2  
  57  5:09  Factory Reactor  
  57  5:10  Marine  
  57  5:11  Stimpack  
  57  5:12  Barracks  
  58  5:16  Barracks  
  58  5:23  Barracks  
  58  5:24  Barracks  
  58  5:25  Engineering Bay x2  
  58  5:28  Marine  
  59  5:44  Banshee  
  59  5:45  Banshee  
  65  5:50  Marine  
  65  5:54  Terran Infantry Weapons Level 1, Terran Infantry Armor Level 1  
  66  6:02  SCV x2  
  68  6:06  Supply Depot x2  
  68  6:07  Command Center  
  68  6:08  Barracks Reactor  
  68  6:13  Barracks Reactor x2  
  68  6:16  Marauder  
  70  6:27  Marine x2  
  70  6:29  Supply Depot x2  
  72  6:33  Medivac x2  
  76  6:47  Marauder  
  76  6:48  Marine x4  
  82  7:02  Marine x4  
  82  7:03  Medivac x2  
  82  7:05  Marine x2  
  82  7:06  Marine x2  
  94  7:09  Marauder  
  96  7:21  Orbital Command  
  96  7:25  Marine x6  
  96  7:26  Marine x2  
  104  7:30  Marauder  
  104  7:35  Supply Depot x2  
  101  7:49  Marine x8  
  107  7:51  Marauder  
  107  7:54  Medivac x2  
  111  8:08  Marine x4  
  111  8:09  Marine x4  
Show
View Real Time Build Order
Export as new Build Order

Elazer Zerg 

Build Orders: Pool First 

Get SALT Encoding   

  12  0:00  Drone  
  13  0:12  Overlord  
  13  0:17  Drone  
  14  0:30  Drone  
  14  0:31  Drone  
  14  0:33  Drone  
  17  0:44  Spawning Pool  
  17  0:47  Drone  
  17  1:07  Hatchery  
  17  1:10  Drone  
  17  1:14  Extractor  
  16  1:19  Drone  
  17  1:30  Queen  
  17  1:32  Zergling x4  
  21  1:39  Drone  
  22  1:48  Overlord  
  22  1:54  Roach Warren  
  22  2:00  Drone  
  22  2:06  Queen  
  25  2:15  Drone  
  25  2:35  Roach x3  
  30  2:40  Roach  
  33  2:44  Drone x3  
  33  2:49  Overlord  
  34  2:55  Zergling x2  
  34  2:56  Zergling x2  
  36  3:10  Drone x3  
  41  3:12  Ravager  
  41  3:13  Ravager  
  41  3:14  Overlord  
  41  3:15  Drone  
  42  3:31  Hatchery  
  41  3:41  Ravager, Drone x5  
  44  3:48  Drone x2  
  49  3:50  Drone  
  49  3:51  Drone  
  51  3:59  Overlord, Drone  
  52  4:03  Overlord, Extractor  
  52  4:04  Extractor  
  52  4:08  Overlord  
  50  4:19  Overlord, Drone x2  
  50  4:20  Lair  
  52  4:28  Overlord  
  52  4:30  Drone  
  52  4:37  Queen  
  54  4:39  Overlord  
  54  4:41  Drone x3  
  54  4:43  Queen  
  54  4:44  Zergling x2  
  54  4:45  Metabolic Boost  
  60  4:49  Drone x2  
  62  4:52  Overlord  
  63  5:00  Drone x2  
  63  5:01  Overlord  
  63  5:05  Roach x2  
  63  5:07  Drone  
  69  5:09  Drone  
  69  5:10  Drone  
  71  5:19  Queen  
  73  5:21  Glial Reconstitution  
  73  5:22  Drone  
  73  5:23  Roach  
  73  5:24  Roach  
  73  5:25  Overseer  
  78  5:29  Spore Crawler x2  
  78  5:30  Spore Crawler  
  78  5:33  Overlord  
  78  5:35  Overseer  
  75  5:38  Drone x4  
  78  5:43  Queen  
  75  5:50  Drone x3  
  75  5:51  Drone x2  
  75  5:55  Drone  
  75  5:56  Drone  
  81  5:57  Drone  
  81  5:58  Drone  
  81  5:59  Drone  
  84  6:06  Overlord  
  84  6:08  Drone  
  85  6:13  Spore Crawler  
  85  6:14  Drone  
  85  6:15  Spire, Extractor, Drone  
  84  6:19  Spore Crawler  
  77  6:26  Drone x4  
  77  6:29  Drone x4  
  77  6:30  Drone  
  77  6:32  Overlord  
  86  6:40  Pneumatized Carapace  
  86  6:42  Overlord  
  86  6:43  Drone  
  86  6:44  Drone  
  81  6:47  Overlord  
  81  6:49  Drone  
  81  6:50  Extractor  
  81  6:51  Extractor  
  74  6:56  Overlord  
  66  7:02  Drone x3  
  66  7:03  Drone x2  
  71  7:10  Roach x5  
  81  7:22  Queen x2  
  75  7:23  Queen  
  75  7:28  Mutalisk x6  
  91  7:38  Mutalisk  
  91  7:45  Zergling x16  
  89  7:51  Mutalisk  
  89  7:57  Mutalisk  
  84  8:04  Mutalisk  
  84  8:06  Zergling x2  
  84  8:07  Zergling x10  

Tags
 
Add a new tag
Caveats
  • Supply blocks, unpowered buildings, or Contaminate may cause inaccurate times.
  • Supply counts are checked every 10 seconds.